 Dungeon Crawl Stone Soup version 0.25-a0-443-gece2dee8bd (webtiles) character file.

Game seed: 13510130909102376652, levelgen mode: deterministic

135878 Kohma the Bludgeoner (level 16, -3/151 HPs)
             Began as a Minotaur Berserker on Jan 30, 2020.
             Was an Elder of Trog.
             Slain by a shock serpent (13 damage)
             ... on level 3 of the Snake Pit.
             The game lasted 01:45:10 (33066 turns).

Kohma the Bludgeoner (Minotaur Berserker)          Turns: 33066, Time: 01:45:10

Health: -3/151     AC: 24    Str: 26    XL:     16   Next: 65%
Magic:  23/23      EV: 15    Int:  4    God:    Trog [****..]
Gold:   382        SH:  0    Dex: 16    Spells: 15/15 levels left

rFire    + . .     SeeInvis +   a - +11 great mace "Huferr" {vorpal, +Fly rN++ Int-3 SInv}
rCold    + . .     Gourm    .   (shield currently unavailable)
rNeg     + + +     Faith    .   W - +4 chain mail {rF+}
rPois    +         Spirit   .   r - +1 hat
rElec    .         Reflect  .   S - +1 cloak {+Inv}
rCorr    .         Harm     .   Y - +0 pair of gloves of the Hidden Dreams {Regen+}
MR       +++..                  l - +0 pair of boots
Stlth    ..........             P - amulet of regeneration
HPRegen  2.15/turn              V - ring of Xom's Wantonness {rC+ rN+ Int+2 Dex+4 Slay+3}
MPRegen  0.18/turn              L - ring of poison resistance

@: regenerating
A: retaliatory headbutt, horns 2
a: Berserk, Trog's Hand, Brothers in Arms, Renounce Religion, Evoke
Invisibility, Evoke Flight


You were on level 3 of the Snake Pit.
You worshipped Trog.
Trog was greatly pleased with you.
You were full.

You visited 6 branches of the dungeon, and saw 28 of its levels.
You visited 1 bazaar.
You also visited: Ice Cave.

You collected 3033 gold pieces.
You spent 2651 gold pieces at shops.

Inventory:

Hand Weapons
 a - the +11 great mace "Huferr" (weapon) {vorpal, +Fly rN++ Int-3 SInv}
   (You took it off an ogre on level 4 of the Dungeon)

   It inflicts extra damage upon your enemies.
   It affects your intelligence (-3).
   It greatly protects you from negative energy.
   It lets you see invisible.
   It lets you fly.
 b - the +2 hand axe of the Evil Eye {vorpal, +Rage rElec Dex+4 SInv}
   (Trog gifted it to you on level 2 of the Orcish Mines)

   It inflicts extra damage upon your enemies.
   It affects your dexterity (+4).
   It insulates you from electricity.
   It lets you see invisible.
   It lets you go berserk.
Missiles
 B - 4 throwing nets (quivered)
Armour
 h - a scarf of resistance
 l - a +0 pair of boots (worn)
 r - a +1 hat (worn)
 S - a +1 cloak of invisibility (worn)
 W - a +4 chain mail of fire resistance (worn)
 Y - the +0 pair of gloves of the Hidden Dreams (worn) {Regen+}
   (You took it off Nikola on level 2 of the Snake Pit)

   It increases your rate of regeneration.
   If you remove this armour, your AC will fall 1 point (24 -> 23)
Jewellery
 k - an uncursed ring of protection from magic
 t - a +5 ring of slaying
 A - an uncursed ring of flight
 J - an uncursed ring of resist corrosion
 K - an uncursed ring of positive energy
 L - a ring of poison resistance (right hand)
 P - an amulet of regeneration (around neck)
 V - the ring of Xom's Wantonness (left hand) {rC+ rN+ Int+2 Dex+4 Slay+3}
   (You found it in an ice cave)

   [ring of protection from cold]

   It affects your intelligence (+2).
   It affects your dexterity (+4).
   It affects your accuracy and damage with ranged weapons and melee attacks
   (+3).
   It protects you from cold.
   It protects you from negative energy.
Wands
 w - a wand of paralysis (14)
 y - a wand of polymorph (20)
 z - a wand of scattershot (12)
 E - a wand of flame (42)
 I - a wand of disintegration (15)
 R - a wand of digging (10)
 X - a wand of iceblast (10)
Scrolls
 g - 6 scrolls of enchant weapon
 i - 5 scrolls of teleportation
 m - a scroll of summoning
 o - 8 scrolls of blinking
 u - 8 scrolls of fear
 H - 14 scrolls of remove curse
 Q - 10 scrolls of identify
 T - 3 scrolls of magic mapping
Potions
 d - 7 potions of might
 e - 10 potions of curing
 f - 4 potions of heal wounds
 n - 6 potions of haste
 p - 4 potions of lignification
 q - a potion of invisibility
 s - 2 potions of ambrosia
 v - a potion of cancellation
 x - a potion of magic
 C - 7 potions of brilliance
 F - 2 potions of resistance
 G - 3 potions of agility
Miscellaneous
 M - a fan of gales
 N - a phial of floods
 O - a sack of spiders
 U - a phantom mirror
 Z - a lightning rod (4/4)
Comestibles
 c - 41 rations


   Skills:
 + Level 16.1 Fighting
 - Level 9.1(15.4) Axes
 - Level 19.4(20.0) Maces & Flails
 + Level 15.8 Armour
 - Level 10.0 Dodging
 + Level 10.8 Evocations


You had 15 spell levels left.
You didn't know any spells.
Your spell library was empty.

Dungeon Overview and Level Annotations

Branches:
Dungeon (15/15)            Temple (1/1) D:7            Lair (6/6) D:8
 Shoals (0/4) Lair:2        Snake (3/4) Lair:4        Slime (0/5) Lair:5
    Orc (2/2) D:12            Elf (1/3) Orc:2        Vaults (0/5) D:14
 Depths (0/5) D:15          IceCv (visited)

Altars:
Ashenzari
Cheibriados
Dithmenos
Elyvilon
Fedhas
Gozag
Hepliaklqana
Kikubaaqudgha
Makhleb
Nemelex Xobeh
Okawaru
Qazlal
Ru
Sif Muna
Trog
Uskayaw
Vehumet
Wu Jian
Xom
Yredelemnul
Zin
The Shining One
Beogh
Jiyva

Shops:
D:4 ?   D:5 %   D:9 *   D:10 !   D:12 :   Orc:2 [(:%   Snake:2 =}=

Portals:
Trove: D:10 (give +2 storm dragon scales)

Annotations:
D:8 3 runed translucent doors, exclusion: 3 doors, Nattfarinn's ghost, novice TeSu


Innate Abilities, Weirdness & Mutations

You reflexively headbutt those who attack you in melee.
You have a pair of horns on your head.


Message History

The shock serpent is lightly wounded.
The shock serpent shoots out a bolt of lightning at you!
The bolt of electricity hits you.
* * * LOW HITPOINT WARNING * * *
You closely miss the shock serpent. Your headbutt misses the shock serpent.
The shock serpent is lightly wounded.
The shock serpent shoots out a bolt of lightning at you!
The bolt of electricity hits you!!
* * * LOW HITPOINT WARNING * * *
You feel much better. The shock serpent barely misses you.
You furiously retaliate!
You headbutt the shock serpent!
The shock serpent's electric aura discharges, shocking you!
* * * LOW HITPOINT WARNING * * *
The shock serpent closely misses you.
Your skin crawls.
You feel resistant to hostile enchantments.
You feel somewhat less full. The shock serpent bites you!
* * * LOW HITPOINT WARNING * * *
The shock serpent shocks you!
You die...

......####...<..#....####
#...................#
#......##...#.......#
#...............######
##....######....##...#
.........##...#......## #
##.......######....###
#......### ##.....#
#...#@## #......
#...#S..# ##.....
#####..[..# #.....
#.....# #...## #.....#
#####...# ##...##
#.......## ##..
#......... ##............
.............


You could see a shock serpent.

Vanquished Creatures
  Nikola (Snake:2)
  Gastronok (Orc:1)
  3 nagarajas
  A frost giant (IceCv)
  An orc warlord (Orc:2)
  Azrael (Snake:2)
  A dire elephant (D:15)
  An ettin (Orc:1)
  Harold (D:7)
  An ice dragon (Lair:5)
  2 vault guards (D:14)
  3 catoblepae (Lair:6)
  3 hydras
  7 naga warriors
  14 anacondas
  A centaur warrior (D:13)
  4 two-headed ogres
  8 death yaks
  4 shock serpents
  3 orc high priests
  A tengu warrior (D:14)
  Nergalle (D:11)
  3 unseen horrors
  3 naga ritualists
  An orange crystal statue (D:15)
  An orc knight (Orc:1)
  A deep elf mage (D:8)
  8 ugly things
  3 oklob plants (Lair:1)
  An orc sorcerer (Orc:2)
  2 salamanders
  11 mana vipers
  4 manticores
  3 cyclopes
  11 elephants
  Maurice (D:13)
  A guardian serpent (Snake:1)
  14 naga magi
  21 black mambas
  An ice statue (IceCv)
  2 torpor snails
  6 gargoyles
  8 spiny frogs
  4 rime drakes
  A freezing wraith (D:15)
  2 kobold demonologists (D:14)
  3 komodo dragons
  The ghost of voshxx the Magician, a novice DEFE of Sif Muna (D:4)
  A meliai (shapeshifter) (D:15)
  4 trolls
  A wind drake (shapeshifter) (D:14)
  20 polar bears
  A hornet (D:8)
  12 blink frogs
  6 dream sheep (Lair:5)
  A meliai zombie (D:14)
  13 hippogriffs
  Prince Ribbit (D:9)
  5 slime creatures
  A centaur simulacrum (D:14)
  A vampire (D:13)
  A shadow (D:13)
  A wyvern (D:11)
  A wraith (D:14)
  A spriggan (D:7)
  3 basilisks
  3 fire elementals (Snake:2)
  61 yaks
  10 humans (D:14)
  2 hungry ghosts
  3 vampire mosquitoes
  Menkaure (D:5)
  2 acid dragons (D:13)
  20 nagas
  15 water moccasins
  Edmund (D:4)
  2 wargs (Orc:2)
  A hell hound (Snake:2)
  A floating eye (Lair:1)
  Duvessa (D:5)
  8 porcupines
  4 sky beasts
  2 ice beasts
  3 black bears
  A hornet zombie (D:9)
  A necrophage (D:13)
  15 ogres
  37 orc warriors
  A phantom (D:8)
  6 boggarts
  25 wolves
  10 centaurs
  9 crocodiles
  3 big kobolds
  Blork the orc (D:6)
  20 bullfrogs
  A wyvern zombie (D:12)
  Dowan (D:5)
  A wyvern skeleton (D:12)
  4 scorpions
  A water moccasin skeleton (D:12)
  12 wights
  9 crimson imps
  An electric eel (Lair:2)
  4 howler monkeys (D:8)
  6 centaur zombies
  A bullfrog zombie (D:8)
  8 hounds
  29 orc priests
  7 centaur skeletons
  3 bullfrog skeletons
  7 jellies
  28 orc wizards
  Natasha (thrice) (D:2)
  3 iguanas
  8 worker ants
  Ijyb (D:5)
  A hound zombie (D:8)
  A worker ant zombie (D:5)
  4 gnolls
  7 adders
  6 shadow imps
  3 oozes
  An adder zombie (D:8)
  5 worms
  A dart slug (D:3)
  7 leopard geckos
  133 orcs
  3 giant cockroaches
  5 goblins
  10 hobgoblins
  13 jackals
  4 quokkas
  A ball python (D:2)
  A ball python skeleton (D:3)
  10 bats
  3 frilled lizards
  18 kobolds
  A leopard gecko zombie (D:6)
  A quokka zombie (D:6)
  7 rats
  A fungus (D:8)
908 creatures vanquished.

Vanquished Creatures (collateral kills)
  A hydra (D:15)
1 creature vanquished.

Vanquished Creatures (others)
  A mana viper (Snake:2)
  A yak (IceCv)
  2 orc wizards
  A worker ant (D:13)
  4 orcs (D:13)
  A kobold (D:14)
  2 bushes (Lair:5)
  13 fungi
  6 plants
31 creatures vanquished.

Grand Total: 940 creatures vanquished

Notes
Turn   | Place    | Note
-------+----------+-------------------------------------------
     0 | D:1      | Kohma the Minotaur Berserker began the quest for the Orb.
     0 | D:1      | Reached XP level 1. HP: 19/19 MP: 0/0
    89 | D:1      | Reached XP level 2. HP: 26/27 MP: 1/1
   521 | D:1      | Reached ** piety under Trog
   544 | D:1      | Reached XP level 3. HP: 33/33 MP: 2/2
  1022 | D:2      | Noticed Natasha
  1024 | D:2      | Killed Natasha
  1024 | D:2      | Reached skill level 5 in Axes
  1024 | D:2      | Reached XP level 4. HP: 35/41 MP: 3/3
  1083 | D:2      | Noticed Natasha
  1098 | D:2      | Killed Natasha
  1281 | D:2      | Noticed Natasha
  1290 | D:2      | Killed Natasha
  1675 | D:3      | Reached XP level 5. HP: 43/47 MP: 4/4
  2747 | D:4      | Reached skill level 5 in Fighting
  2764 | D:4      | Reached XP level 6. HP: 15/56 MP: 5/5
  2975 | D:4      | Found a glowing golden altar of the Shining One.
  2975 | D:4      | Found a shadowy altar of Dithmenos.
  2976 | D:4      | Found a bloodstained altar of Trog.
  2980 | D:4      | Found an iron altar of Okawaru.
  2980 | D:4      | Found a shimmering altar of Xom.
  2982 | D:4      | Found a shattered altar of Ashenzari.
  2982 | D:4      | Found an ornate altar of the Wu Jian Council.
  2985 | D:4      | Found a snail-covered altar of Cheibriados.
  3039 | D:4      | Found a hazy altar of Hepliaklqana.
  3048 | D:4      | Reached *** piety under Trog
  3182 | D:4      | Noticed Edmund
  3195 | D:4      | Killed Edmund
  3195 | D:4      | Reached skill level 5 in Armour
  3195 | D:4      | Reached XP level 7. HP: 59/62 MP: 6/6
  3384 | D:4      | Found Qiusaofo's Magic Scroll Shop.
  3396 | D:4      | Bought a scroll of identify for 28 gold pieces
  3396 | D:4      | Bought a scroll of identify for 28 gold pieces
  3396 | D:4      | Bought a scroll of noise for 14 gold pieces
  3913 | D:4      | Found a transporter.
  3913 | D:4      | Identified the +11 great mace "Huferr" {vorpal, +Fly rN++
                  | Int-3 SInv}
  3914 | D:4      | Noticed voshxx's ghost (novice DEFE)
  3918 | D:4      | Found a transporter.
  4098 | D:4      | Killed voshxx's ghost
  4098 | D:4      | Reached XP level 8. HP: 56/71 MP: 7/7
  4366 | D:5      | Entered Level 5 of the Dungeon
  4385 | D:5      | Reached skill level 1 in Maces & Flails
  4410 | D:5      | Reached skill level 2 in Maces & Flails
  4497 | D:5      | Found an ancient bone altar of Kikubaaqudgha.
  4528 | D:5      | Noticed Duvessa
  4528 | D:5      | Noticed Dowan
  4533 | D:5      | Killed Duvessa
  4533 | D:5      | Reached skill level 3 in Maces & Flails
  4535 | D:5      | Killed Dowan
  4557 | D:5      | Reached skill level 4 in Maces & Flails
  4679 | D:5      | Found Cynkequyck's Food Shop.
  4696 | D:5      | Noticed Ijyb
  4707 | D:5      | Killed Ijyb
  4784 | D:5      | Noticed Menkaure
  4790 | D:5      | Killed Menkaure
  4790 | D:5      | Reached skill level 5 in Maces & Flails
  4790 | D:5      | Reached XP level 9. HP: 48/81 MP: 8/8
  5082 | D:6      | Reached **** piety under Trog
  5215 | D:6      | Reached skill level 6 in Maces & Flails
  5399 | D:6      | Noticed Blork the orc
  5410 | D:6      | Killed Blork the orc
  5748 | D:7      | Noticed Harold
  5761 | D:7      | Killed Harold
  5761 | D:7      | Reached skill level 7 in Maces & Flails
  5784 | D:7      | Reached skill level 8 in Maces & Flails
  5992 | D:7      | Reached XP level 10. HP: 81/91 MP: 9/9
  6147 | D:7      | Found a staircase to the Ecumenical Temple.
  6156 | Temple   | Entered the Ecumenical Temple
  6505 | D:8      | Reached skill level 9 in Maces & Flails
  6555 | D:8      | Found a blossoming altar of Fedhas.
  6586 | D:8      | Reached ***** piety under Trog
  6586 | D:8      | Received a gift from Trog
  6587 | D:8      | Got an ancient dire flail {god gift}
  6603 | D:8      | Identified the +1 dire flail of Poolonih {vorpal, MR+
                  | Str+6} (Trog gifted it to you on level 8 of the Dungeon)
  6604 | D:8      | Found a runed translucent gate.
  6605 | D:8      | Found a runed translucent gate.
  6620 | D:8      | Found a runed translucent gate.
  6623 | D:8      | Noticed Nattfarinn's ghost (novice TeSu)
  6682 | D:8      | Reached skill level 10 in Maces & Flails
  6733 | D:8      | Reached skill level 10 in Fighting
  6757 | D:8      | Found a staircase to the Lair.
  7090 | D:8      | Noticed a two-headed ogre
  7095 | D:8      | Killed a two-headed ogre
  7095 | D:8      | Reached skill level 11 in Maces & Flails
  7095 | D:8      | Reached skill level 10 in Armour
  7156 | D:8      | Got a brightly glowing scale mail
  7165 | D:8      | Noticed a deep elf mage
  7178 | D:8      | Killed a deep elf mage
  7178 | D:8      | Reached skill level 12 in Maces & Flails
  7330 | D:8      | Identified the +1 scale mail of Fallacy {rN+ Int+3 Stlth+}
                  | (You found it on level 8 of the Dungeon)
  7453 | D:8      | Reached XP level 11. HP: 99/99 MP: 10/10
  7514 | D:8      | Received a gift from Trog
  7747 | D:8      | Found a roughly hewn altar of Beogh.
  8122 | D:9      | Found a runed translucent door.
  8140 | D:9      | Reached skill level 13 in Maces & Flails
  8457 | D:9      | Noticed Prince Ribbit
  8465 | D:9      | Killed Prince Ribbit
  8568 | D:9      | Found Aqibier's Assorted Antiques.
  8573 | D:9      | Bought a ruby potion for 18 gold pieces
  8573 | D:9      | Bought an amethyst potion for 18 gold pieces
  8573 | D:9      | Bought a scroll labeled LOSELY COLEF for 20 gold pieces
  8627 | D:9      | Received a gift from Trog
  8960 | D:10     | Entered Level 10 of the Dungeon
  9386 | D:10     | Found Kerheoch's Distillery.
  9388 | D:10     | Found a portal to a secret trove of treasure.
  9394 | D:10     | Bought a potion of heal wounds for 50 gold pieces
  9394 | D:10     | Bought a potion of heal wounds for 50 gold pieces
  9394 | D:10     | Bought a potion of agility for 40 gold pieces
  9568 | D:10     | Got a bloodstained dagger
  9792 | D:10     | Reached skill level 14 in Maces & Flails
  9983 | D:11     | You fall into a shaft and drop 3 floors!
  9984 | D:14     | Noticed an unseen horror
 10040 | D:13     | Noticed a white ugly thing
 10047 | D:13     | Killed a white ugly thing
 10313 | D:13     | Noticed Maurice
 10313 | D:13     | Noticed a centaur warrior
 10323 | D:13     | Identified the +10 dagger of Blood {drain, MR+ Str+3
                  | Stlth+} (You found it on level 10 of the Dungeon)
 10325 | D:13     | Killed Maurice
 10330 | D:13     | Killed a centaur warrior
 10330 | D:13     | Reached skill level 15 in Maces & Flails
 10476 | D:13     | Found a flickering gateway to a bazaar.
 10486 | Bazaar   | Entered a bazaar
 10783 | Bazaar   | Found Ijilaego's Magic Scroll Emporium.
 10783 | Bazaar   | Found Maujiss's Magic Scroll Shoppe.
 10805 | Bazaar   | Found Duqet's Magic Scroll Emporium.
 10871 | Bazaar   | Bought a scroll of identify for 28 gold pieces
 10871 | Bazaar   | Bought a scroll of identify for 28 gold pieces
 10871 | Bazaar   | Bought a scroll of identify for 28 gold pieces
 10871 | Bazaar   | Bought a scroll of identify for 28 gold pieces
 10886 | Bazaar   | Bought a scroll of identify for 28 gold pieces
 10892 | Bazaar   | Bought a scroll of magic mapping for 35 gold pieces
 10892 | Bazaar   | Bought a scroll of identify for 20 gold pieces
 11440 | D:11     | Noticed a two-headed ogre
 11447 | D:11     | Killed a two-headed ogre
 11668 | D:11     | Noticed a cyan ugly thing
 11672 | D:11     | Killed a cyan ugly thing
 11672 | D:11     | Received a gift from Trog
 11672 | D:11     | Reached skill level 16 in Maces & Flails
 11830 | D:11     | Noticed an unseen horror
 11837 | D:11     | Killed an unseen horror
 11837 | D:11     | Reached XP level 12. HP: 91/106 MP: 11/11
 11876 | D:11     | Noticed Nergalle
 11886 | D:11     | Killed Nergalle
 12125 | D:11     | Found a shimmering altar of Xom.
 12170 | D:11     | Found a shimmering altar of Xom.
 12171 | D:11     | Found a shimmering altar of Xom.
 12262 | D:11     | Noticed a two-headed ogre
 12270 | D:11     | Killed a two-headed ogre
 12270 | D:11     | Reached skill level 17 in Maces & Flails
 12693 | Lair:1   | Entered Level 1 of the Lair of Beasts
 12768 | Lair:1   | Paralysed by a floating eye for 3 turns
 12776 | Lair:1   | Paralysed by a floating eye for 3 turns
 13184 | Lair:1   | Reached skill level 18 in Maces & Flails
 14008 | Lair:2   | Noticed a four-headed hydra
 14015 | Lair:2   | Received a gift from Trog
 14021 | Lair:2   | Killed a four-headed hydra
 14035 | Lair:2   | Reached skill level 19 in Maces & Flails
 14383 | Lair:2   | Noticed a four-headed hydra
 14388 | Lair:2   | Killed a four-headed hydra
 14405 | Lair:2   | Found a staircase to the Shoals.
 14446 | Lair:2   | Reached XP level 13. HP: 82/113 MP: 12/12
 14889 | Lair:3   | Reached skill level 1 in Evocations
 16570 | Lair:4   | Found a staircase to the Snake Pit.
 17211 | Lair:5   | Found a runed translucent door.
 17212 | Lair:5   | Found a viscous altar of Jiyva.
 17216 | Lair:5   | Found a staircase to the Slime Pits.
 17291 | Lair:5   | Reached skill level 5 in Dodging
 17308 | Lair:5   | Received a gift from Trog
 17828 | Lair:5   | Found a frozen archway.
 17953 | IceCv    | Entered an ice cave
 18451 | IceCv    | Received a gift from Trog
 18521 | IceCv    | Reached XP level 14. HP: 125/125 MP: 16/16
 18595 | IceCv    | Reached skill level 5 in Evocations
 18867 | IceCv    | Noticed a frost giant
 18887 | IceCv    | Killed a frost giant
 19160 | IceCv    | Got a flickering ivory ring
 19213 | Lair:5   | Identified the ring of Xom's Wantonness {rC+ rN+ Int+2
                  | Dex+4 Slay+3} (You found it in an ice cave)
 19788 | Lair:6   | Entered Level 6 of the Lair of Beasts
 22327 | D:12     | Found a staircase to the Orcish Mines.
 22523 | D:12     | Found Dyocujud's Book Boutique.
 22793 | Orc:1    | Entered Level 1 of the Orcish Mines
 22793 | Orc:1    | Noticed Gastronok
 22797 | Orc:1    | Killed Gastronok
 22990 | Orc:2    | Entered Level 2 of the Orcish Mines
 23003 | Orc:2    | Paralysed by an orc sorcerer for 7 turns
 23187 | Orc:2    | Received a gift from Trog
 23439 | Orc:2    | Found a staircase to the Elven Halls.
 23450 | Elf:1    | Entered Level 1 of the Elven Halls
 23985 | Orc:2    | Found a roughly hewn altar of Beogh.
 24173 | Orc:2    | Noticed an orc warlord
 24176 | Orc:2    | Received a gift from Trog
 24177 | Orc:2    | Got a dazzling hand axe {god gift}
 24192 | Orc:2    | Killed an orc warlord
 24192 | Orc:2    | Reached XP level 15. HP: 41/136 MP: 19/19
 24458 | Orc:2    | Found Loloimo's Antique Weapon Boutique.
 24459 | Orc:2    | Found a roughly hewn altar of Beogh.
 24462 | Orc:2    | Found Buesh's Antique Armour Shop.
 24472 | Orc:2    | Identified the +2 hand axe of the Evil Eye {vorpal, +Rage
                  | rElec Dex+4 SInv} (Trog gifted it to you on level 2 of the
                  | Orcish Mines)
 24750 | Orc:2    | Found a roughly hewn altar of Beogh.
 24762 | Orc:2    | Found Qadghacki's Book Emporium.
 24941 | Orc:2    | Found a roughly hewn altar of Beogh.
 24942 | Orc:2    | Found Duiha's Food Emporium.
 26378 | D:14     | Received a gift from Trog
 26379 | D:14     | Got a steaming halberd {god gift}
 26380 | D:14     | Identified the +6 halberd of the Gnat {vorpal, rC- Int+5
                  | Dex+6} (Trog gifted it to you on level 14 of the Dungeon)
 26897 | D:14     | Identified the +1 shield of Valiance {rElec Int+6}
 26938 | D:14     | Found a gate to the Vaults.
 27045 | D:15     | Entered Level 15 of the Dungeon
 27057 | D:15     | Reached skill level 10 in Dodging
 27337 | D:15     | Found a staircase to the Depths.
 27490 | D:15     | Found an iron altar of Okawaru.
 28276 | Snake:1  | Entered Level 1 of the Snake Pit
 29450 | Snake:1  | Reached XP level 16. HP: 145/147 MP: 22/22
 29453 | Snake:1  | Reached skill level 15 in Armour
 29536 | Snake:1  | Reached skill level 15 in Fighting
 29890 | Snake:1  | Identified the Tome of Earth and Transmutation
 30148 | Snake:2  | Reached skill level 10 in Evocations
 30601 | Snake:2  | HP: 6/149 [mana viper (6)]
 30979 | Snake:2  | Identified the cursed +0 pair of gloves of the Hidden
                  | Dreams {Regen+}
 30979 | Snake:2  | Noticed Nikola
 30986 | Snake:2  | Killed Nikola
 31331 | Orc:2    | Bought a runed plate armour for 780 gold pieces
 31813 | Snake:2  | Found a stormy altar of Qazlal.
 31916 | Snake:2  | Noticed Azrael
 31932 | Snake:2  | Killed Azrael
 32515 | Snake:2  | Found Iloxe's Jewellery Shoppe.
 32516 | Snake:2  | Found Ukual's Gadget Boutique.
 32517 | Snake:2  | Found Nuvohel's Jewellery Shoppe.
 32529 | Snake:2  | Bought an uncursed amulet of regeneration for 450 gold
                  | pieces
 32532 | Snake:2  | Bought a lightning rod (4/4) for 640 gold pieces
 32532 | Snake:2  | Bought a wand of digging (6) for 320 gold pieces
 33066 | Snake:3  | Slain by a shock serpent

Levels and vault maps discovered:
D:1:      minmay_arrival_stone_box, layout_basic
D:2:      wander_river, layout_loops_cross, uniq_natasha
D:3:      layout_basic
D:4:      layout_loops_ring, grunt_temple_overflow_open,
          overflow_temple_1_default, serial_shops, shop, first_ration,
          gammafunk_ghost_smash, uniq_edmund
D:5:      layout_rooms, serial_shops, shop, basic_altar, uniq_menkaure,
          uniq_ijyb, uniq_duvessa
D:6:      layout_basic, minmay_crossroads, uniq_blork_the_orc
D:7:      layout_rooms, minmay_temple_entry_grid, the_bakery, uniq_harold
D:8:      hangedman_cross_veins, layout_loops_ring, fedhas_altar_3,
          due_lair_maze_entry_diamond, gammafunk_ghost_nasty_kobolds,
          special_room [special_room_orc], sigmund_army
D:9:      layout_stronghold, serial_shops, kennysheep_little_box,
          minmay_st_funbox, uniq_prince_ribbit1
D:10:     layout_gridville, enter_trove_2, serial_shops, shop
D:11:     layout_basic, xom_redecorated, uniq_nergalle
D:12:     layout_loops_cross, david_orc_2, serial_co_window_serial,
          co_window_corner_a, co_window_paths_a, co_window_corner_a,
          co_window_paths_a, co_window_corner_a, co_window_paths_b,
          co_window_broadway_c, co_window_of_opportunity_b,
          co_window_broadway_c, co_window_of_opportunity_b, glass_columns_a,
          glass_columns_a, serial_shops, nicolae_shop_stone
D:13:     layout_gridville, serial_shops, freezing_bzr, uniq_maurice
D:14:     layout_irregular_city, ximxim_vaults_locker_room, grunt_decor_clamped
D:15:     hangedman_depths_entry_try_elsewhere_first, layout_gridville,
          lemuel_coloured_pillars_altar, minivault_16, skrybe_limestone_x
Temple:   nicolae_temple_x_marks_the_god
Lair:1:   layout_loops_ring, disabler_island
Lair:2:   layout_misc_corridors, shoals_dummy_entry,
          chequers_serial_rivers_small_a, bh_chokoban, serial_bayou_pond_b
Lair:3:   layout_misc_corridors
Lair:4:   layout_cave_pods, guppyfry_snake_entry_garden, grunt_megastairs_1
Lair:5:   layout_cave_pods, slime_altar_2,
          portal_ice_cave_entry_animals_and_master, kilobyte_rumbling_trees,
          serial_bayou_shore_b, lemuel_fruit_fields
Lair:6:   evilmike_catoblepas_cave, layout_layer_cave, grunt_megastairs_5
Snake:1:  layout_grid_maze, guppyfry_library_mini
Snake:2:  layout_chambers, basic_altar, minmay_shop_grove, uniq_nikola,
          uniq_azrael
Snake:3:  layout_misc_corridors, nicolae_snake_springs
Orc:1:    layout_caves, uniq_gastronok
Orc:2:    grunt_orc_community_town_hall, layout_caves,
          grunt_orc_community_big_house_1, grunt_orc_community_big_house_1,
          grunt_orc_community_house_2, grunt_orc_community_house_3,
          grunt_orc_community_house_2, grunt_orc_community_house_1
Elf:1:    eino_elf_arrival_sip, layout_geoelf_grid, serial_shops, shop,
          minmay_elf_sorcery

Skill      XL: |  1  2  3  4  5  6  7  8  9 10 11 12 13 14 15 16 |
---------------+-------------------------------------------------+-----
Axes           | 4 5 6 7 9 |  9.1
Fighting       | 4 5 6 7 9 10 11 13 14 16 | 16.1
Armour         | 3 4 5 6 7 9 10 11 13 14 15 | 15.8
Maces & Flails | 5 8 12 16 19 | 19.4
Evocations     | 4 7 9 10 | 10.8
Dodging        | 6 9 10 | 10.0

Action                   |  1- 3 |  4- 6 |  7- 9 | 10-12 | 13-15 | 16-18 || total
-------------------------+-------+-------+-------+-------+-------+-------++-------
Melee: Hand axe          |    57 |   131 |    47 |       |   111 |       ||   346
       Headbutt          |    13 |    28 |    19 |    67 |   232 |    52 ||   411
       Great mace        |       |       |   111 |   392 |   821 |   195 ||  1519
Invok: Berserk           |       |     2 |     5 |     5 |     9 |       ||    21
       Trog's Hand       |       |       |     1 |     2 |    15 |     6 ||    24
       Brothers in Arms  |       |       |       |       |     1 |       ||     1
  Use: Scroll            |       |     4 |     8 |    21 |     7 |     2 ||    42
       Potion            |       |       |       |       |     5 |     4 ||     9
 Stab: Sleeping          |       |       |       |     2 |       |       ||     2
       Invisible         |       |       |       |       |     3 |       ||     3
  Eat: Chunk             |       |     8 |    14 |    25 |    80 |    11 ||   138
       Ration            |       |       |       |     2 |     1 |       ||     3
Armor: Animal skin       |     7 |       |       |       |       |       ||     7
       Leather armour    |    12 |    29 |       |       |       |       ||    41
       Chain mail        |       |       |   100 |    50 |   197 |   103 ||   450
       Scale mail        |       |       |       |   149 |   184 |       ||   333
       Plate armour      |       |       |       |       |    29 |       ||    29
Dodge: Dodged            |    52 |    82 |    64 |   198 |   605 |   154 ||  1155

Table legend:
 A = Non-vault XP
 B = Vault XP
 C = Vault XP percentage of total XP
 D = Non-vault monster count
 E = Vault monster count
 F = Vault count percentage of total count
                 A         B        C        D         E       F
            +---------+---------+-------+---------+---------+-------
      Total |  122458 |   71654 |  36.9 |     615 |     293 |  32.3
            +---------+---------+-------+---------+---------+-------
        D:1 |      45 |       0 |   0.0 |      28 |       0 |   0.0
        D:2 |     112 |      37 |  24.8 |      16 |       1 |   5.9
        D:3 |      77 |       0 |   0.0 |      20 |       0 |   0.0
        D:4 |     632 |     829 |  56.7 |      21 |       5 |  19.2
        D:5 |     711 |     430 |  37.7 |      29 |       4 |  12.1
        D:6 |     484 |     194 |  28.6 |       8 |       4 |  33.3
        D:7 |     863 |    1212 |  58.4 |      23 |       2 |   8.0
        D:8 |    2047 |    4204 |  67.3 |      31 |      54 |  63.5
        D:9 |    1226 |     972 |  44.2 |      24 |      10 |  29.4
       D:10 |     986 |       0 |   0.0 |      23 |       0 |   0.0
       D:11 |    6529 |     824 |  11.2 |      34 |       1 |   2.9
       D:12 |    1519 |     415 |  21.5 |      11 |       6 |  35.3
       D:13 |    5851 |     480 |   7.6 |      34 |       1 |   2.9
       D:14 |   10403 |    3905 |  27.3 |      36 |      12 |  25.0
       D:15 |    6221 |    3369 |  35.1 |      21 |       4 |  16.0
     Lair:1 |    3822 |    1827 |  32.3 |      20 |       4 |  16.7
     Lair:2 |    5931 |    1507 |  20.3 |      17 |       3 |  15.0
     Lair:3 |    5844 |       0 |   0.0 |      26 |       0 |   0.0
     Lair:4 |    5018 |     559 |  10.0 |      15 |       4 |  21.1
     Lair:5 |    7712 |    3838 |  33.2 |      32 |      19 |  37.3
     Lair:6 |    1252 |   14047 |  91.8 |       5 |      30 |  85.7
    Snake:1 |   22089 |    6372 |  22.4 |      39 |       9 |  18.8
    Snake:2 |   23681 |    5820 |  19.7 |      37 |       6 |  14.0
    Snake:3 |    2279 |       0 |   0.0 |       7 |       0 |   0.0
      Orc:1 |    5013 |    2213 |  30.6 |      27 |       1 |   3.6
      Orc:2 |    2111 |    6437 |  75.3 |      31 |      63 |  67.0
      IceCv |       0 |   12163 | 100.0 |       0 |      50 | 100.0
            +---------+---------+-------+---------+---------+-------
